Map: Triton LE

Players

MaNa - Winner!

  • Race: Protoss Protoss
  • Spawn Location: 5:00

Gerald

  • Race: Protoss Protoss
  • Spawn Location: 11:00

Event: IEM Katowice 2020

VOD

Have the link to the VOD?

Description

Time

  • Played on: Feb. 24, 2020, 5:11 a.m.
  • Length: 9:12

All games in this series

Show
View Real Time Build Order
Export as new Build Order

MaNa Protoss - Winner!

Build Orders:  

Get SALT Encoding   

  12  0:00  Probe  
  13  0:12  Probe  
  14  0:17  Pylon  
  14  0:24  Probe (Chrono Boost)  
  15  0:36  Probe (Chrono Boost)  
  15  0:38  Gateway  
  16  0:45  Probe (Chrono Boost)  
  16  0:46  Assimilator  
  17  0:51  Probe  
  17  0:54  Assimilator  
  18  1:03  Probe (Chrono Boost)  
  19  1:11  Gateway  
  19  1:12  Probe (Chrono Boost)  
  19  1:17  Probe (Chrono Boost)  
  21  1:29  Probe, Cybernetics Core  
  22  1:33  Pylon  
  22  1:41  Probe  
  23  1:58  Pylon  
  23  2:06  Stalker x2  
  27  2:10  Robotics Facility  
  27  2:14  Warp Gate  
  27  2:22  Pylon  
  27  2:36  Stalker  
  30  2:40  Stalker  
  31  2:54  Immortal (Chrono Boost)  
  31  2:55  Shield Battery  
  35  3:09  Sentry  
  35  3:12  Pylon  
  36  3:23  Warp Prism (Chrono Boost)  
  38  3:28  Probe  
  39  3:52  Immortal  
  43  3:58  Pylon  
  43  4:05  Sentry x2  
  46  4:33  Immortal  
  46  4:34  Adept x2  
  54  4:39  Pylon  
  52  5:00  Stargate  
  52  5:06  Pylon  
  52  5:10  Adept x2  
  54  5:33  Immortal  
  58  5:46  Phoenix  
  58  5:47  Pylon  
  60  5:55  Pylon  
  60  6:01  Probe  
  61  6:10  Phoenix (Chrono Boost)  
  63  6:39  Phoenix  
  65  6:41  Pylon  
  65  6:52  Pylon  
  55  7:11  Zealot x2  
  55  7:13  Phoenix (Chrono Boost)  
  61  7:26  Robotics Facility  
  61  7:30  Gateway  
  61  7:31  Sentry  
  61  7:32  Zealot  
  65  7:59  Zealot x2  
  65  8:01  Phoenix  
  65  8:04  Pylon  
  71  8:12  Pylon, Immortal (Chrono Boost)  
  75  8:44  Zealot x3  
Show
View Real Time Build Order
Export as new Build Order

Gerald Protoss 

Build Orders:  

Get SALT Encoding   

  12  0:00  Probe  
  13  0:12  Probe  
  14  0:17  Pylon  
  14  0:25  Probe (Chrono Boost)  
  14  0:27  Assimilator  
  16  0:37  Probe (Chrono Boost)  
  16  0:38  Gateway  
  16  0:42  Probe (Chrono Boost)  
  16  0:47  Assimilator  
  17  0:51  Probe  
  17  0:56  Assimilator  
  18  1:03  Probe (Chrono Boost)  
  19  1:09  Gateway  
  19  1:13  Probe (Chrono Boost)  
  19  1:18  Probe  
  21  1:26  Cybernetics Core  
  21  1:30  Probe  
  22  1:35  Pylon  
  22  1:42  Probe  
  23  1:54  Probe  
  24  2:02  Stalker x2  
  24  2:03  Warp Gate (Chrono Boost)  
  24  2:06  Probe  
  29  2:10  Pylon  
  29  2:18  Probe  
  30  2:30  Pylon  
  30  2:32  Stalker  
  32  2:41  Stalker  
  34  2:48  Probe  
  34  2:53  Robotics Facility  
  34  3:17  Shield Battery  
  34  3:19  Nexus  
  34  3:27  Probe  
  34  3:29  Pylon  
  35  3:39  Immortal (Chrono Boost)  
  39  3:50  Adept x2  
  43  3:56  Shield Battery  
  43  3:58  Pylon  
  43  4:01  Gateway  
  43  4:04  Pylon  
  42  4:17  Immortal (Chrono Boost)  
  42  4:21  Sentry  
  42  4:22  Sentry  
  50  4:34  Pylon  
  50  4:49  Warp Prism  
  52  4:52  Sentry  
  54  5:03  Gateway  
  54  5:04  Pylon  
  53  5:24  Stalker  
  53  5:25  Immortal (Chrono Boost)  
  51  5:31  Probe  
  52  5:42  Stalker  
  54  5:57  Observer (Chrono Boost)  
  54  6:01  Adept x2  
  59  6:08  Robotics Bay  
  59  6:21  Stalker x2  
  57  6:52  Stalker x3  
  61  7:12  Probe  
  61  7:13  Phoenix, Gateway  
  62  7:21  Adept x3  
  68  7:35  Observer (Chrono Boost)  
  64  7:53  Stalker x2  
  69  8:02  Probe  
  69  8:16  Probe  
  70  8:26  Zealot  
  69  8:35  Zealot  
  71  8:42  Pylon  

Tags
 
Add a new tag
Caveats
  • Supply blocks, unpowered buildings, or Contaminate may cause inaccurate times.
  • Supply counts are checked every 10 seconds.